 Dungeon Crawl Stone Soup version 0.30.1-11-g7821555f0a (webtiles) character file.

Game seed: 17190589630271387674

119 HakonGodeson the Chopper (level 5, -1/46 HPs)
             Began as a Hill Orc Fighter on Dec 11, 2023.
             Was an Initiate of Beogh.
             Slain by a gnoll
             ... wielding a +0 whip
             ... led by a gnoll bouda
              (3 damage)
             ... on level 4 of the Dungeon.
             The game lasted 00:03:51 (1064 turns).

HakonGodeson the Chopper (Hill Orc Fighter)         Turns: 1064, Time: 00:03:52

Health: -1/46      AC:  7    Str: 19    XL:     5   Next: 3%
Magic:  5/5        EV:  9    Int: 10    God:    Beogh [......]
Gold:   91         SH:  4    Dex: 10    Spells: 4/4 levels left

rFire   + . .        a - +0 war axe
rCold   x . .        c - +0 buckler
rNeg    . . .        b - +0 scale mail
rPois   +            (no helmet)
rElec   .            (no cloak)
rCorr   .            (no gloves)
SInv    .            (no boots)
Will    .....        (no amulet) Stlth
                     f - ring of poison resistance
HPRegen 0.27/turn    i - ring of fire
MPRegen 0.09/turn

%: no passive effects
@: mighty, about to teleport, weakened
A: no striking features
a: Renounce Religion


You were on level 4 of the Dungeon.
You worshipped Beogh.
Beogh was noncommittal.
You visited 1 branch of the dungeon, and saw 4 of its levels.

You collected 91 gold pieces.

Inventory:

Hand Weapons
 a - a +0 war axe (weapon)
Armour
 b - a +0 scale mail (worn)
 c - a +0 buckler (worn)
Jewellery
 f - a ring of poison resistance (left hand)
 i - a ring of fire (right hand)
Scrolls
 e - a scroll of enchant weapon {unknown}
 j - a scroll of amnesia {unknown}
Potions
 d - 2 potions of might


   Skills:
 * Level 4.2 Fighting
 * Level 4.4 Axes
 * Level 4.1 Armour
 * Level 0.7 Dodging
 * Level 0.7 Stealth
 * Level 3.8 Shields


You had 4 spell levels left.
You didn't know any spells.
Your spell library was empty.

Dungeon Overview and Level Annotations

Branches:
Dungeon (4/15)
 Temple: D:4-7

Altars:
Yredelemnul


Message History

You feel better. The gnoll hits you with a +0 whip.
* * * LOW HITPOINT WARNING * * *
The gnoll hits you from afar with a +0 halberd.
* * * LOW HITPOINT WARNING * * *
The gnoll bouda barely misses you.
Unknown command.
The gnoll bouda gazes fiercely through you!
You feel your attacks grow feeble. You block the gnoll bouda's attack.
The gnoll hits you but does no damage. The gnoll closely misses you.
The gnoll bouda calls upon its god to heal the gnoll.
The gnoll is healed somewhat.
The gnoll is no longer moving quickly.
The gnoll is no longer moving quickly.
You block the gnoll's attack. The gnoll attacks as you move away!
The gnoll closely misses you.
The gnoll bouda gazes fiercely through you!
You feel as though you will be weak longer.
The gnoll hits you with a +0 whip.
* * * LOW HITPOINT WARNING * * *
The gnoll is no longer moving quickly.
The gnoll bouda gazes fiercely through you!
You feel as though you will be weak longer.
The gnoll attacks as you move away! The gnoll hits you with a +0 whip.
* * * LOW HITPOINT WARNING * * *
The gnoll is no longer moving quickly.
The gnoll attacks as you move away! The gnoll hits you with a +0 whip.
* * * LOW HITPOINT WARNING * * *
There is an open door here.
The gnoll bouda barks out a call to the hunt!
The gnolls pick up the pace!
You hear a shout!
The gnoll bouda gazes fiercely through you!
You feel as though you will be weak longer.
The gnoll hits you but does no damage.
As you read the scroll of teleportation, it crumbles to dust.
You feel strangely unstable. The gnoll hits you but does no damage.
The adder attacks as you move away! The adder bites you but does no damage.
The gnoll attacks as you move away! The gnoll hits you with a +0 whip.
You die...

#.....# #....... #.....#
#....... #.....# #.......
#.....# #....... #####
#.ggg.# #....... #....
###'### #....###
##....####g.########....###
..........gS.+............#
....(.....@..#)......>....#
.............#............#
##..##.†#######...####'####
## #..##...##...##.....##
#..................)).
#..................)..
#..................†..
######################


You could see a gnoll bouda, 4 gnolls and an adder.

Vanquished Creatures
  An orc priest (D:4)
  A hound (D:3)
  2 adders (D:3)
  A worm (D:4)
  4 orcs (D:4)
  3 ball pythons
  6 endoplasms
  3 goblins
  3 hobgoblins
  2 jackals (D:2)
  3 bats
  2 frilled lizards (D:1)
  A kobold (D:1)
  5 rats
37 creatures vanquished.

Notes
Turn   | Place    | Note
-------+----------+-------------------------------------------
     0 | D:1      | HakonGodeson the Hill Orc Fighter began the quest for the
                  | Orb.
     0 | D:1      | Reached XP level 1. HP: 19/19 MP: 1/1
    89 | D:1      | Found a faded altar of an unknown god.
   302 | D:1      | Reached XP level 2. HP: 22/27 MP: 2/2
   595 | D:2      | Reached XP level 3. HP: 27/33 MP: 3/3
   661 | D:3      | Reached XP level 4. HP: 29/40 MP: 4/4
   771 | D:4      | Found a basalt altar of Yredelemnul.
   772 | D:4      | Became a worshipper of Beogh the Brigand
   873 | D:4      | Reached XP level 5. HP: 16/46 MP: 5/5
  1059 | D:4      | HP: 1/46 [gnoll/+0 whip[a gnoll bouda] (5)]
  1064 | D:4      | Slain by a gnoll

Illustrated notes

Levels and vault maps discovered:
D:1:      minmay_arrival_shoal_huts, layout_basic,
          dreamdust_ecumenical_altar_angels_and_demons, serial_bayou_pond_e,
          minmay_tromino_v4_c
D:2:      layout_rooms, minivault_19, serial_bayou_lake_a, uniq_natasha
D:3:      layout_basic, general_overflow_altar
D:4:      minmay_razor_zed, layout_gridville, yredelemnul_altar_generic,
          mainiacjoe_overflow_concentric_impassable

Skill      XL: |  1  2  3  4 |
---------------+-------------+-----
Axes           | 3 4 |  4.4
Fighting       | 4 |  4.2
Armour         | 4 |  4.1
Dodging        | |  0.7
Stealth        | |  0.7
Shields        | |  3.8

Action                     |  1- 3 |  4- 6 || total
---------------------------+-------+-------++-------
  Melee: War axe           |    65 |    42 ||   107
 Invoke: Convert to Beogh  |       |     1 ||     1
    Use: Scroll            |     4 |     1 ||     5
         Potion            |       |     2 ||     2
 Armour: Scale mail        |    54 |    26 ||    80
  Dodge: Dodged            |    35 |    40 ||    75
  Block: Buckler           |    33 |    12 ||    45
